 Dungeon Crawl Stone Soup version 0.20.0-15-g7f486f2 (webtiles) character file.

103 dvd the Cudgeler (level 4, -9/42 HPs)
             Began as a Troll Gladiator on June 10, 2017.
             Mangled by Sigmund
             ... wielding a +0 scythe
              (13 damage)
             ... on level 2 of the Dungeon.
             The game lasted 00:03:51 (1448 turns).

dvd the Cudgeler (Troll Gladiator)                  Turns: 1448, Time: 00:03:51

Health: -9/42      AC:  6    Str: 23    XL:     4   Next: 51%
Magic:  3/3        EV: 11    Int:  4    God:
Gold:   112        SH:  0    Dex: 11    Spells: 3/3 levels left

rFire    . . .     SeeInvis .   a - +0 flail
rCold    . . .     Gourm    +   (no shield)
rNeg     . . .     Faith    .   b - +0 robe
rPois    .         Spirit   .   c - +0 hat
rElec    .         Reflect  .   k - +0 cloak
rCorr    .         Harm     .   (gloves unavailable)
MR       .....                  (boots unavailable)
Stlth    +.........             (no amulet)
Regen    0.6/turn               (no ring)
MPRegen  0.1/turn               (no ring)

@: no status effects
A: unfitting armour, claws 3, fast metabolism 3, gourmand, regeneration 1,
shaggy fur 1, tough skin 2
a: no special abilities


You were on level 2 of the Dungeon.
You were very full.

You visited 1 branch of the dungeon, and saw 2 of its levels.

You collected 112 gold pieces.

Inventory:

Hand Weapons
 a - a +0 flail (weapon)
 g - a +0 hand axe
Missiles
 d - 3 throwing nets (quivered)
Armour
 b - a +0 robe (worn)
 c - a +0 hat (worn)
 k - a +0 cloak (worn)
Jewellery
 j - an uncursed ring of positive energy {unknown}
Scrolls
 i - a scroll of teleportation {unknown}
 n - 3 scrolls of identify {unknown}
 p - a scroll of recharging {unknown}
 r - a scroll of enchant armour {unknown}
Potions
 e - a potion of curing {unknown}
 h - a potion of ambrosia {unknown}
 m - a potion of mutation {unknown}
 o - 2 potions of invisibility {unknown}
 s - a potion of lignification {unknown}
 u - a potion of heal wounds {unknown}
Comestibles
 f - 3 bread rations
 l - 6 chunks of flesh
 q - a fruit
 t - 2 meat rations


   Skills:
 + Level 2.0 Fighting
 + Level 3.6 Maces & Flails
 + Level 2.0 Throwing
 + Level 3.3 Dodging
 + Level 0.3 Stealth


You had 3 spell levels left.
You didn't know any spells.

Dungeon Overview and Level Annotations

Branches:
Dungeon (2/15)

Altars:
Elyvilon

Annotations:
D:2 Sigmund


Innate Abilities, Weirdness & Mutations

You are too large for most types of armour.
You have claws for hands.
Your metabolism is lightning-fast.
You like to eat raw meat.
Your natural rate of healing is unusually fast.
You are covered in fur. (AC +1)
You have very tough skin. (AC +2)


Message History

The magic dart hits you!
You completely miss something. Something hits you.
You barely miss something. Something hits you.
You miss something.
You hear some strange, mumbled words.
A puff of flame appears from out of thin air!
The puff of flame misses you.
You completely miss something. Something hits you.
You miss something. Something hits you but does no damage.
You barely miss something. You miss something. Something hits you!
* * * LOW HITPOINT WARNING * * *
You closely miss something. Something hits you.
* * * LOW HITPOINT WARNING * * *
Unknown command.
You miss something. Something hits you.
* * * LOW HITPOINT WARNING * * *
Unknown command.
You barely miss something. Something hits you!
You die...

#. #. #. #. ###. ##
####...##(###.##
......{........#
#..?@..###..#
#...........# .
#.###..##...# . #
#..##...# .#..........#
#.###...#
.#..#.......#.###.......#
......>............###..#
.#..#........#####.# #..#
........g....# #.# #..#


There were no monsters in sight!

Vanquished Creatures
  Robin (D:2)
  An adder (D:2)
  2 oozes (D:1)
  A worm (D:2)
  2 dart slugs (D:2)
  4 leopard geckos
  2 giant cockroaches (D:1)
  19 goblins
  3 hobgoblins
  4 jackals (D:1)
  4 kobolds
  A quokka (D:2)
  2 ball pythons
  6 bats
  2 frilled lizards (D:2)
  4 rats
58 creatures vanquished.

Vanquished Creatures (others)
  An orc (D:2)
1 creature vanquished.

Grand Total: 59 creatures vanquished

Notes
Turn   | Place    | Note
-------+----------+-------------------------------------------
     0 | D:1      | dvd the Troll Gladiator began the quest for the Orb.
     0 | D:1      | Reached XP level 1. HP: 19/19 MP: 0/0
    89 | D:1      | Reached XP level 2. HP: 26/27 MP: 1/1
   542 | D:1      | Reached XP level 3. HP: 28/33 MP: 2/2
   848 | D:2      | Found a white marble altar of Elyvilon.
  1057 | D:2      | Reached XP level 4. HP: 42/42 MP: 3/3
  1277 | D:2      | Noticed Robin
  1375 | D:2      | Killed Robin
  1428 | D:2      | Noticed Sigmund
  1448 | D:2      | Mangled by Sigmund

Skill      XL: |  1  2  3  4 |
---------------+-------------+-----
Maces & Flails | 3 |  3.6
Throwing       | 2 |  2.0
Dodging        | 3 |  3.3
Fighting       | 2 |  2.0
Stealth        | |  0.3

Action                   |  1- 3 |  4- 6 || total
-------------------------+-------+-------++-------
Melee: Flail             |   137 |    70 ||   207
 Stab: Sleeping          |     2 |       ||     2
  Eat: Chunk             |    16 |     3 ||    19
Armor: Robe              |    80 |    39 ||   119
Dodge: Dodged            |   100 |    73 ||   173
